 Dungeon Crawl Stone Soup version 0.25-a0-366-g516bc45ae0 (webtiles) character file.

Game seed: 3928833917644895774, levelgen mode: deterministic

7924 Caramio the Cleaver (level 11, -3/97 HPs)
             Began as a Deep Dwarf Fighter on Jan 6, 2020.
             Was a Priest of Makhleb.
             Slain by a troll (4 damage)
             ... on level 10 of the Dungeon.
             The game lasted 00:08:13 (8144 turns).

Caramio the Cleaver (Deep Dwarf Fighter)            Turns: 8144, Time: 00:08:13

Health: -3/97      AC: 13    Str: 24    XL:     11   Next: 3%
Magic:  0/0        EV:  3    Int:  8    God:    Makhleb [***...]
Gold:   658        SH:  8    Dex: 12    Spells: 10/10 levels left

rFire    . . .     SeeInvis +   Y - +1 war axe
rCold    . . .     Gourm    .   c - +0 shield
rNeg     . . .     Faith    .   q - +1 plate armour
rPois    +         Spirit   .   y - +0 hat of Peek-a-Boo {SInv}
rElec    .         Reflect  .   (no cloak)
rCorr    +         Harm     .   p - +1 pair of gloves
MR       +....                  (no boots)
Stlth    ..........             (no amulet)
HPRegen  0.00/turn              f - ring of poison resistance
MPRegen  0.07/turn              m - ring of resist corrosion

@: non-regenerating, extremely drained
A: damage resistance, heal wounds, sense surroundings 2, no regeneration
a: Heal Wounds, Minor Destruction, Lesser Servant of Makhleb, Renounce Religion


You were on level 10 of the Dungeon.
You worshipped Makhleb.
Makhleb was most pleased with you.
You were not hungry.

You visited 2 branches of the dungeon, and saw 11 of its levels.

You collected 658 gold pieces.


Innate Abilities, Weirdness & Mutations

You are resistant to damage.
You can heal yourself by infusing magical energy.
You passively map the area around you.
You do not regenerate.


   Skills:
 + Level 5.9(0.0) Fighting
 - Level 12.0(4.5) Axes
 - Level 6.1(0.0) Armour
 - Level 3.3(0.0) Dodging
 - Level 8.0(1.2) Shields
 + Level 10.0(2.9) Invocations


You had 10 spell levels left.
You didn't know any spells.
Your spell library was empty.

Inventory:

Hand Weapons
 w - a +2 morningstar of protection
 Y - a +1 war axe (weapon)
Armour
 c - a +0 shield (worn)
 p - a +1 pair of gloves (worn)
 q - a +1 plate armour (worn)
 y - the +0 hat of Peek-a-Boo (worn) {SInv}
   (You found it on level 8 of the Dungeon)

   It lets you see invisible.
 z - a +1 helmet
Jewellery
 f - a ring of poison resistance (left hand)
 m - a ring of resist corrosion (right hand)
Wands
 o - a wand of flame (13)
Scrolls
 a - 3 scrolls of remove curse
 h - a scroll of identify
Potions
 d - a potion of might
 i - a potion of resistance
 l - a potion of cancellation
 n - 6 potions of curing
 r - 2 potions of haste
 t - a potion of invisibility {unknown}
 v - a potion of agility {unknown}
Comestibles
 e - 20 rations
 g - 4 chunks of flesh

Dungeon Overview and Level Annotations

Branches:
Dungeon (10/15)            Temple (1/1) D:4
   Lair: D:8-11         Orc: D:9-12

Altars:
Ashenzari
Cheibriados
Dithmenos
Elyvilon
Fedhas
Gozag
Hepliaklqana
Kikubaaqudgha
Makhleb
Nemelex Xobeh
Okawaru
Qazlal
Ru
Sif Muna
Trog
Uskayaw
Vehumet
Wu Jian
Xom
Yredelemnul
Zin
The Shining One

Shops:
D:9 (

Annotations:
D:2 1 runed translucent door, Crazy Yiuf
D:5 2 transporters, Shaidar's ghost, novice HOBe
D:6 Prince Ribbit
D:10 Josephine; Nergalle


Message History

You block the troll's attack. The troll claws you but does no damage.
The troll barely misses you. Josephine hits you but does no damage.
Your plate armour prevents you from hitting Josephine.
Josephine is moderately wounded.
You closely miss the troll. The troll bites you! You block the troll's attack.
The troll claws you but does no damage. Josephine hits you with a +0 dagger.
The troll bites you but does no damage. The troll claws you!
The troll claws you.
You closely miss Josephine.
Josephine is moderately wounded.
You hit the troll. Josephine hits you but does no damage.
You block the troll's attack. The troll claws you!
The troll claws you but does no damage. You block Josephine's attack.
You hit Josephine.
Josephine is heavily wounded.
You hit the troll. The troll bites you but does no damage. The troll claws you.
You die...

######## ,, ..* .. .# ,
,#.# .......# # #.
*.##'###* * #.#
#W.....#+#. #.,........ ,
, #.#
#WWW...$..,.##.##.......,*
*#.# #.@W...... ....#.....
, #.## #####..T.. *#.W#...
, #... ..... #.WW.# **
#### ,....,, #@T#
#########. .@W **,#@.#
*........#. , ..W ##.####
#....... * * #>...# ,
#.###.## * ####.# * #.#
#.# #.## #.####### #...
### #.......# #### #.####
#######.# ####...#########
#.######


You could see Josephine, a troll and 3 wraiths.

Vanquished Creatures
  2 two-headed ogres
  A manticore (D:8)
  A centaur zombie (D:10)
  2 trolls (D:9)
  2 hippogriffs
  A wyvern (D:9)
  6 yaks (D:9)
  Duvessa (D:6)
  2 orc warriors
  A black bear (D:8)
  2 necrophages
  7 ogres
  4 centaurs
  2 crocodiles (D:10)
  7 bullfrogs
  Dowan (D:6)
  A wyvern skeleton (D:8)
  2 scorpions
  10 killer bees (D:8)
  3 howler monkeys
  3 wights (D:9)
  2 crimson imps
  3 hounds
  2 bullfrog zombies
  3 jellies
  10 orc wizards
  A bullfrog skeleton (D:4)
  5 orc priests
  Ijyb (D:5)
  2 iguanas
  3 worker ants
  A hound zombie (D:7)
  2 hound skeletons
  A worker ant zombie (D:8)
  5 gnolls
  9 adders
  2 shadow imps
  An ooze (D:6)
  An adder zombie (D:8)
  2 worms
  A dart slug (D:2)
  5 leopard geckos
  31 orcs
  6 giant cockroaches
  6 hobgoblins
  15 jackals
  4 quokkas
  2 ball pythons
  12 bats
  8 frilled lizards
  11 goblins
  7 kobolds
  A leopard gecko skeleton (D:5)
  2 quokka skeletons
  A quokka zombie (D:9)
  7 rats
236 creatures vanquished.

Notes
Turn   | Place    | Note
-------+----------+-------------------------------------------
     0 | D:1      | Caramio the Deep Dwarf Fighter began the quest for the Orb.
     0 | D:1      | Reached XP level 1. HP: 20/20 MP: 1/1
     0 | D:1      | 0 ||| counter = 12
    63 | D:1      | 63 ||| Stepping ~*~*~tactically~*~*~ (stealth).
    73 | D:1      | Reached skill level 3 in Axes
    73 | D:1      | Reached XP level 2. HP: 17/27 MP: 2/2
   175 | D:1      | 175 ||| Stepping ~*~*~tactically~*~*~ (hiding).
   176 | D:1      | 176 ||| Waiting for ranged monster.
   177 | D:1      | 177 ||| Waiting for ranged monster.
   178 | D:1      | 178 ||| Waiting for ranged monster.
   179 | D:1      | 179 ||| Waiting for ranged monster.
   183 | D:1      | 183 ||| Waiting for ranged monster.
   184 | D:1      | 184 ||| Waiting for ranged monster.
   205 | D:1      | 205 ||| Stepping ~*~*~tactically~*~*~ (hiding).
   206 | D:1      | 206 ||| Waiting for ranged monster.
   207 | D:1      | 207 ||| Waiting for ranged monster.
   208 | D:1      | 208 ||| Waiting for ranged monster.
   216 | D:1      | Reached skill level 1 in Dodging
   393 | D:1      | 393 ||| Stepping ~*~*~tactically~*~*~ (hiding).
   394 | D:1      | 394 ||| Waiting for ranged monster.
   395 | D:1      | 395 ||| Waiting for ranged monster.
   396 | D:1      | 396 ||| Waiting for ranged monster.
   397 | D:1      | 397 ||| Waiting for ranged monster.
   398 | D:1      | 398 ||| Waiting for ranged monster.
   399 | D:1      | 399 ||| Waiting for ranged monster.
   465 | D:1      | Reached XP level 3. HP: 19/33 MP: 3/3
   671 | D:1      | 671 ||| READING 2 scrolls labeled PEULUWN FUMIYW.
   751 | D:2      | 751 ||| Stepping ~*~*~tactically~*~*~ (stealth).
   753 | D:2      | 753 ||| Stepping ~*~*~tactically~*~*~ (stealth).
   754 | D:2      | 754 ||| Stepping ~*~*~tactically~*~*~ (stealth).
   756 | D:2      | 756 ||| Stepping ~*~*~tactically~*~*~ (hiding).
   757 | D:2      | 757 ||| Waiting for ranged monster.
   758 | D:2      | 758 ||| Waiting for ranged monster.
   763 | D:2      | Reached skill level 4 in Axes
   764 | D:2      | 764 ||| Waiting for ranged monster.
   765 | D:2      | 765 ||| Waiting for ranged monster.
   817 | D:2      | 817 ||| Stepping ~*~*~tactically~*~*~ (stealth).
   818 | D:2      | 818 ||| Stepping ~*~*~tactically~*~*~ (stealth).
   819 | D:2      | 819 ||| Stepping ~*~*~tactically~*~*~ (stealth).
   915 | D:2      | 915 ||| Stepping ~*~*~tactically~*~*~ (stealth).
   922 | D:2      | Reached XP level 4. HP: 18/40 MP: 4/4
   923 | D:2      | 923 ||| INVOKING Heal Wounds.
  1085 | D:2      | 1085 ||| Stepping ~*~*~tactically~*~*~ (stealth).
  1086 | D:2      | 1086 ||| Stepping ~*~*~tactically~*~*~ (stealth).
  1087 | D:2      | 1087 ||| Stepping ~*~*~tactically~*~*~ (stealth).
  1170 | D:2      | 1170 ||| UPGRADING to dented sapphire amulet.
  1171 | D:2      | 1171 ||| REMOVING amulet of guardian spirit.
  1172 | D:2      | 1172 ||| DROPPING amulet of guardian spirit.
  1351 | D:2      | Reached skill level 5 in Axes
  1422 | D:2      | Found a runed translucent door.
  1424 | D:2      | 1424 ||| UPGRADING to glowing mace.
  1425 | D:2      | 1425 ||| SWAPPING to +0 war axe.
  1426 | D:2      | 1426 ||| DROPPING +0 whip.
  1427 | D:2      | Noticed Crazy Yiuf
  1515 | D:2      | 1515 ||| READING 2 scrolls labeled MUIWUWKAIL.
  1516 | D:2      | 1516 ||| READING 2 scrolls labeled HUISAAVV HOLAULL.
  1517 | D:2      | 1517 ||| DRINKING 2 viscous purple potions.
  1518 | D:2      | 1518 ||| DROPPING scroll of amnesia.
  1802 | D:3      | 1802 ||| Stepping ~*~*~tactically~*~*~ (stealth).
  1803 | D:3      | 1803 ||| Stepping ~*~*~tactically~*~*~ (stealth).
  1804 | D:3      | 1804 ||| Stepping ~*~*~tactically~*~*~ (stealth).
  1805 | D:3      | 1805 ||| Stepping ~*~*~tactically~*~*~ (stealth).
  1806 | D:3      | 1806 ||| Stepping ~*~*~tactically~*~*~ (stealth).
  1824 | D:3      | 1824 ||| Stepping ~*~*~tactically~*~*~ (stealth).
  1825 | D:3      | 1825 ||| Stepping ~*~*~tactically~*~*~ (stealth).
  1826 | D:3      | 1826 ||| Stepping ~*~*~tactically~*~*~ (stealth).
  1835 | D:3      | Reached XP level 5. HP: 40/46 MP: 5/5
  1836 | D:3      | 1836 ||| Stepping ~*~*~tactically~*~*~ (hiding).
  1837 | D:3      | 1837 ||| Waiting for ranged monster.
  1838 | D:3      | 1838 ||| Stepping ~*~*~tactically~*~*~ (hiding).
  1839 | D:3      | 1839 ||| Waiting for ranged monster.
  1840 | D:3      | 1840 ||| Waiting for ranged monster.
  1841 | D:3      | 1841 ||| Stepping ~*~*~tactically~*~*~ (hiding).
  1842 | D:3      | 1842 ||| Waiting for ranged monster.
  1843 | D:3      | 1843 ||| Waiting for ranged monster.
  1847 | D:3      | 1847 ||| Waiting for ranged monster.
  1848 | D:3      | 1848 ||| Waiting for ranged monster.
  1849 | D:3      | 1849 ||| Waiting for ranged monster.
  1850 | D:3      | 1850 ||| Waiting for ranged monster.
  1862 | D:3      | 1862 ||| Stepping ~*~*~tactically~*~*~ (stealth).
  1868 | D:3      | 1868 ||| DROPPING +4 mace.
  1942 | D:3      | 1942 ||| UPGRADING to chain mail.
  1952 | D:3      | 1952 ||| DROPPING +0 scale mail.
  2031 | D:3      | 2031 ||| Stepping ~*~*~tactically~*~*~ (hiding).
  2032 | D:3      | 2032 ||| Waiting for ranged monster.
  2033 | D:3      | 2033 ||| Waiting for ranged monster.
  2034 | D:3      | 2034 ||| Waiting for ranged monster.
  2035 | D:3      | 2035 ||| Waiting for ranged monster.
  2036 | D:3      | 2036 ||| Waiting for ranged monster.
  2038 | D:3      | 2038 ||| Waiting for ranged monster.
  2039 | D:3      | 2039 ||| Waiting for ranged monster.
  2040 | D:3      | 2040 ||| Waiting for ranged monster.
  2119 | D:3      | 2119 ||| Stepping ~*~*~tactically~*~*~ (hiding).
  2120 | D:3      | 2120 ||| Waiting for ranged monster.
  2121 | D:3      | 2121 ||| Waiting for ranged monster.
  2129 | D:3      | Reached skill level 6 in Axes
  2264 | D:3      | 2264 ||| Stepping ~*~*~tactically~*~*~ (stealth).
  2266 | D:3      | 2266 ||| Stepping ~*~*~tactically~*~*~ (stealth).
  2298 | D:3      | 2298 ||| UPGRADING to runed mace.
  2299 | D:3      | 2299 ||| READING 3 scrolls of remove curse.
  2300 | D:3      | 2300 ||| SWAPPING to +0 war axe.
  2301 | D:3      | 2301 ||| DROPPING -2 mace.
  2367 | D:3      | 2367 ||| Stepping ~*~*~tactically~*~*~ (hiding).
  2606 | D:3      | 2606 ||| READING scroll labeled WOOCWYT EFIEW.
  2607 | D:3      | 2607 ||| READING scroll labeled OBRUITHAUSK.
  2608 | D:3      | 2608 ||| READING 2 scrolls of identify.
  2608 | D:3      | 2608 ||| IDENTIFYING gluggy blue potion
  2609 | D:3      | 2609 ||| DROPPING potion of degeneration.
  2713 | D:4      | 2713 ||| Stepping ~*~*~tactically~*~*~ (hiding).
  2714 | D:4      | 2714 ||| Waiting for ranged monster.
  2715 | D:4      | 2715 ||| Stepping ~*~*~tactically~*~*~ (hiding).
  2716 | D:4      | 2716 ||| Stepping ~*~*~tactically~*~*~ (hiding).
  2724 | D:4      | Reached XP level 6. HP: 30/55 MP: 6/6
  2725 | D:4      | 2725 ||| INVOKING Heal Wounds.
  2726 | D:4      | 2726 ||| INVOKING Heal Wounds.
  2731 | D:4      | Reached skill level 7 in Axes
  2751 | D:4      | 2751 ||| INVOKING Heal Wounds.
  2826 | D:4      | You fall into a shaft and drop 2 floors!
  2827 | D:6      | 2827 ||| Shafted from D:4 to D:6.
  2844 | D:5      | Entered Level 5 of the Dungeon
  2935 | D:5      | Noticed Ijyb
  2939 | D:5      | Reached skill level 8 in Axes
  2940 | D:5      | 2940 ||| UPGRADING to plate armour.
  2943 | D:5      | 2943 ||| Stepping ~*~*~tactically~*~*~ (stealth).
  2944 | D:5      | 2944 ||| Stepping ~*~*~tactically~*~*~ (stealth).
  2945 | D:5      | 2945 ||| UPGRADING to plate armour.
  2955 | D:5      | 2955 ||| DROPPING +0 chain mail.
  2956 | D:5      | 2956 ||| READING 2 scrolls of remove curse.
  2976 | D:5      | 2976 ||| INVOKING Heal Wounds.
  2987 | D:5      | Killed Ijyb
  3062 | D:5      | Reached XP level 7. HP: 30/61 MP: 6/6
  3063 | D:5      | 3063 ||| INVOKING Heal Wounds.
  3085 | D:5      | 3085 ||| Stepping ~*~*~tactically~*~*~ (hiding).
  3086 | D:5      | 3086 ||| Waiting for ranged monster.
  3087 | D:5      | 3087 ||| Stepping ~*~*~tactically~*~*~ (hiding).
  3088 | D:5      | 3088 ||| Waiting for ranged monster.
  3108 | D:4      | 3108 ||| Successfully unshafted to D:4.
  3141 | D:4      | Reached skill level 3 in Fighting
  3167 | D:4      | Found a staircase to the Ecumenical Temple.
  3189 | Temple   | Entered the Ecumenical Temple
  3190 | Temple   | 3190 ||| Entered T.
  3198 | Temple   | Became a worshipper of Makhleb the Destroyer
  3349 | Temple   | 3349 ||| READING scroll labeled ARPHOE HECRYUHI.
  3350 | Temple   | 3350 ||| READING 2 scrolls of identify.
  3350 | Temple   | 3350 ||| IDENTIFYING viscous pink potion
  3487 | D:4      | 3487 ||| READING scroll of enchant armour.
  3487 | D:4      | 3487 ||| ENCHANTING +0 plate armour.
  3524 | D:4      | 3524 ||| UPGRADING to helmet.
  3547 | D:4      | 3547 ||| Stepping ~*~*~tactically~*~*~ (stealth).
  3549 | D:4      | 3549 ||| Stepping ~*~*~tactically~*~*~ (hiding).
  3550 | D:4      | 3550 ||| Waiting for ranged monster.
  3562 | D:4      | 3562 ||| INVOKING Heal Wounds.
  3568 | D:4      | 3568 ||| INVOKING Heal Wounds.
  3569 | D:4      | 3569 ||| INVOKING Heal Wounds.
  3571 | D:4      | Reached skill level 3 in Invocations
  3574 | D:4      | Reached skill level 9 in Axes
  3710 | D:4      | 3710 ||| READING scroll labeled WIOGRA RICVE.
  3711 | D:4      | 3711 ||| READING scroll labeled VEIT XEOSOXOSCH.
  3712 | D:4      | 3712 ||| READING 2 scrolls of identify.
  3712 | D:4      | 3712 ||| IDENTIFYING tubular bronze ring
  3713 | D:4      | 3713 ||| UPGRADING to ring of poison resistance.
  3865 | D:5      | Reached XP level 8. HP: 52/68 MP: 7/9
  3899 | D:5      | Found a transporter.
  3899 | D:5      | Noticed Shaidar's ghost (novice HOBe)
  3899 | D:5      | Identified the +8 great mace of Cataclysm {protect, rElec
                  | rPois rF++ MR-}
  3900 | D:5      | 3900 ||| Stepping ~*~*~tactically~*~*~ (stealth).
  3902 | D:5      | Found a transporter.
  4710 | D:5      | 4710 ||| EATING 17 rations.
  4800 | D:6      | 4800 ||| Stepping ~*~*~tactically~*~*~ (stealth).
  4803 | D:6      | 4803 ||| Stepping ~*~*~tactically~*~*~ (stealth).
  4809 | D:6      | 4809 ||| INVOKING Heal Wounds.
  4934 | D:6      | 4934 ||| INVOKING Heal Wounds.
  4934 | D:6      | HP: 16/69 [orc warrior/+0 battleaxe (13)]
  4935 | D:6      | 4935 ||| DRINKING 3 potions of heal wounds.
  4938 | D:6      | 4938 ||| INVOKING Heal Wounds.
  5003 | D:6      | Reached * piety under Makhleb
  5201 | D:6      | Noticed Duvessa
  5201 | D:6      | Noticed Dowan
  5202 | D:6      | 5202 ||| Stepping ~*~*~tactically~*~*~ (stealth).
  5232 | D:6      | Killed Duvessa
  5236 | D:6      | 5236 ||| INVOKING Heal Wounds.
  5244 | D:6      | Killed Dowan
  5298 | D:6      | Noticed Prince Ribbit
  5510 | D:6      | 5510 ||| INVOKING Heal Wounds.
  5545 | D:6      | 5545 ||| READING 2 scrolls labeled FEIKOM NYOXE.
  5549 | D:6      | 5549 ||| DRINKING 2 lumpy pink potions.
  5550 | D:6      | 5550 ||| READING 3 scrolls of identify.
  5550 | D:6      | 5550 ||| IDENTIFYING smoky amethyst potion
  5551 | D:6      | 5551 ||| READING 2 scrolls of identify.
  5551 | D:6      | 5551 ||| IDENTIFYING silvery potion
  5552 | D:6      | 5552 ||| DROPPING potion of flight.
  5587 | D:7      | Reached skill level 10 in Axes
  5606 | D:7      | 5606 ||| Stepping ~*~*~tactically~*~*~ (hiding).
  5606 | D:7      | Noticed a hippogriff
  5607 | D:7      | 5607 ||| Stepping ~*~*~tactically~*~*~ (hiding).
  5624 | D:7      | Killed a hippogriff
  5645 | D:7      | 5645 ||| Stepping ~*~*~tactically~*~*~ (stealth).
  5648 | D:7      | 5648 ||| INVOKING Heal Wounds.
  5654 | D:7      | Reached skill level 6 in Shields
  5654 | D:7      | Gained mutation: You passively map the area around you.
                  | [Deep Dwarf growth]
  5654 | D:7      | Reached XP level 9. HP: 64/78 MP: 10/10
  5658 | D:7      | 5658 ||| Stepping ~*~*~tactically~*~*~ (stealth).
  5680 | D:7      | 5680 ||| UPGRADING to pair of gloves.
  5790 | D:7      | 5790 ||| Stepping ~*~*~tactically~*~*~ (stealth).
  5793 | D:7      | 5793 ||| Stepping ~*~*~tactically~*~*~ (stealth).
  5811 | D:7      | 5811 ||| DROPPING +0 flail.
  5812 | D:7      | 5812 ||| UPGRADING to runed morningstar.
  5813 | D:7      | 5813 ||| SWAPPING to +1 war axe.
  5882 | D:7      | 5882 ||| UPGRADING to pearl ring.
  6175 | D:8      | Found a sparkling altar of Nemelex Xobeh.
  6175 | D:8      | Found a hazy altar of Hepliaklqana.
  6180 | D:8      | Found a hide-covered altar of Uskayaw.
  6182 | D:8      | Found an iron altar of Okawaru.
  6184 | D:8      | Found a shattered altar of Ashenzari.
  6278 | D:8      | 6278 ||| Stepping ~*~*~tactically~*~*~ (stealth).
  6308 | D:8      | Reached skill level 11 in Axes
  6337 | D:8      | 6337 ||| Stepping ~*~*~tactically~*~*~ (stealth).
  6360 | D:8      | 6360 ||| Stepping ~*~*~tactically~*~*~ (stealth).
  6361 | D:8      | 6361 ||| Stepping ~*~*~tactically~*~*~ (stealth).
  6394 | D:8      | Reached skill level 6 in Armour
  6437 | D:8      | 6437 ||| READING scroll of enchant armour.
  6437 | D:8      | 6437 ||| ENCHANTING +0 pair of gloves.
  6510 | D:8      | 6510 ||| Stepping ~*~*~tactically~*~*~ (hiding).
  6511 | D:8      | 6511 ||| Stepping ~*~*~tactically~*~*~ (hiding).
  6512 | D:8      | 6512 ||| Stepping ~*~*~tactically~*~*~ (hiding).
  6513 | D:8      | 6513 ||| Waiting for ranged monster.
  6514 | D:8      | 6514 ||| Waiting for ranged monster.
  6515 | D:8      | 6515 ||| Stepping ~*~*~tactically~*~*~ (hiding).
  6516 | D:8      | 6516 ||| Waiting for ranged monster.
  6517 | D:8      | 6517 ||| Waiting for ranged monster.
  6536 | D:8      | Got a warped hat
  6537 | D:8      | 6537 ||| UPGRADING to warped hat.
  6547 | D:8      | Identified the cursed +0 hat of Peek-a-Boo {SInv} (You
                  | found it on level 8 of the Dungeon)
  6547 | D:8      | 6547 ||| READING 2 scrolls of remove curse.
  6620 | D:8      | Reached ** piety under Makhleb
  6700 | D:8      | Noticed a manticore
  6701 | D:8      | 6701 ||| Stepping ~*~*~tactically~*~*~ (hiding).
  6702 | D:8      | 6702 ||| Stepping ~*~*~tactically~*~*~ (hiding).
  6703 | D:8      | 6703 ||| Waiting for ranged monster.
  6704 | D:8      | 6704 ||| Waiting for ranged monster.
  6705 | D:8      | 6705 ||| Waiting for ranged monster.
  6706 | D:8      | 6706 ||| Waiting for ranged monster.
  6707 | D:8      | 6707 ||| Waiting for ranged monster.
  6717 | D:8      | 6717 ||| INVOKING Heal Wounds.
  6721 | D:8      | 6721 ||| INVOKING Heal Wounds.
  6725 | D:8      | Killed a manticore
  6725 | D:8      | Reached skill level 3 in Dodging
  6736 | D:8      | 6736 ||| UPGRADING to shiny helmet.
  6746 | D:8      | 6746 ||| DROPPING +0 helmet.
  6747 | D:8      | 6747 ||| UPGRADING to +0 hat of Peek-a-Boo {SInv}.
  6825 | D:8      | Reached XP level 10. HP: 82/88 MP: 10/12
  6829 | D:8      | Got a bone hand axe
  6830 | D:8      | 6830 ||| SWAPPING to bone hand axe.
  6830 | D:8      | Identified the +8 hand axe of Yso Siuk {chaos, Str+6} (You
                  | found it on level 8 of the Dungeon)
  6831 | D:8      | 6831 ||| SWAPPING to +1 war axe.
  6832 | D:8      | 6832 ||| DROPPING +8 hand axe of Yso Siuk {chaos, Str+6}.
  6851 | D:8      | 6851 ||| READING scroll labeled GUMPEESUET.
  6852 | D:8      | 6852 ||| DRINKING 3 orange potions.
  6853 | D:8      | 6853 ||| READING 3 scrolls of identify.
  6853 | D:8      | 6853 ||| IDENTIFYING bubbling blue potion
  6854 | D:8      | 6854 ||| READING 2 scrolls of identify.
  6854 | D:8      | 6854 ||| IDENTIFYING sedimented brown potion
  6855 | D:8      | 6855 ||| DROPPING potion of berserk rage.
  6856 | D:8      | 6856 ||| DROPPING potion of magic.
  6857 | D:8      | 6857 ||| DROPPING 2 potions of brilliance.
  6867 | D:9      | 6867 ||| STAIRDANCE
  6884 | D:9      | 6884 ||| STAIRDANCE
  6888 | D:9      | 6888 ||| STAIRDANCE
  6923 | D:9      | Noticed a two-headed ogre
  6938 | D:9      | Killed a two-headed ogre
  6938 | D:9      | Reached skill level 6 in Invocations
  6939 | D:9      | 6939 ||| INVOKING Heal Wounds.
  6951 | D:9      | Found Bopniv's Antique Weapon Emporium.
  6996 | D:9      | 6996 ||| Stepping ~*~*~tactically~*~*~ (stealth).
  6997 | D:9      | 6997 ||| Stepping ~*~*~tactically~*~*~ (stealth).
  7008 | D:9      | 7008 ||| INVOKING Heal Wounds.
  7047 | D:9      | Noticed a lindwurm
  7048 | D:9      | 7048 ||| Stepping ~*~*~tactically~*~*~ (stealth).
  7049 | D:9      | 7049 ||| Stepping ~*~*~tactically~*~*~ (stealth).
  7058 | D:9      | Noticed a lindwurm
  7077 | D:9      | Noticed a lindwurm
  7078 | D:9      | Noticed a lindwurm
  7148 | D:9      | 7148 ||| Stepping ~*~*~tactically~*~*~ (stealth).
  7169 | D:9      | Reached skill level 12 in Axes
  7276 | D:9      | Reached skill level 9 in Invocations
  7277 | D:9      | 7277 ||| INVOKING Heal Wounds.
  7278 | D:9      | 7278 ||| INVOKING Heal Wounds.
  7399 | D:9      | 7399 ||| Stepping ~*~*~tactically~*~*~ (stealth).
  7449 | D:9      | Reached *** piety under Makhleb
  7479 | D:9      | Found a shimmering blue altar of Sif Muna.
  7717 | D:9      | 7717 ||| INVOKING Heal Wounds.
  7729 | D:9      | 7729 ||| INVOKING Heal Wounds.
  7735 | D:9      | 7735 ||| READING scroll labeled JEROXE MYXEL.
  7737 | D:9      | 7737 ||| READING 2 scrolls of identify.
  7737 | D:9      | 7737 ||| IDENTIFYING glowing pink potion
  7772 | D:10     | Entered Level 10 of the Dungeon
  7773 | D:10     | 7773 ||| INVOKING Heal Wounds.
  7914 | D:10     | Noticed Nergalle
  7929 | D:10     | 7929 ||| INVOKING Heal Wounds.
  7930 | D:10     | 7930 ||| INVOKING Heal Wounds.
  7935 | D:10     | 7935 ||| INVOKING Heal Wounds.
  7942 | D:10     | 7942 ||| INVOKING Heal Wounds.
  7943 | D:10     | 7943 ||| INVOKING Heal Wounds.
  7944 | D:10     | 7944 ||| INVOKING Heal Wounds.
  7945 | D:10     | 7945 ||| INVOKING Heal Wounds.
  7946 | D:10     | 7946 ||| READING 3 scrolls of teleportation.
  7949 | D:10     | 7949 ||| INVOKING Heal Wounds.
  7951 | D:10     | 7951 ||| Stepping ~*~*~tactically~*~*~ (stealth).
  7952 | D:10     | 7952 ||| Stepping ~*~*~tactically~*~*~ (stealth).
  7956 | D:10     | 7956 ||| Stepping ~*~*~tactically~*~*~ (stealth).
  7989 | D:10     | 7989 ||| INVOKING Heal Wounds.
  7992 | D:10     | HP: 21/88 [Nergalle/bolt of negative energy (24)]
  7993 | D:10     | 7993 ||| READING 2 scrolls of teleportation.
  7994 | D:10     | 7994 ||| DRINKING 2 potions of heal wounds.
  7995 | D:10     | 7995 ||| INVOKING Heal Wounds.
  7995 | D:10     | Noticed Josephine
  7996 | D:10     | 7996 ||| Stepping ~*~*~tactically~*~*~ (hiding).
  7997 | D:10     | 7997 ||| Stepping ~*~*~tactically~*~*~ (hiding).
  7999 | D:10     | 7999 ||| Stepping ~*~*~tactically~*~*~ (hiding).
  8005 | D:10     | 8005 ||| INVOKING Heal Wounds.
  8008 | D:10     | 8008 ||| INVOKING Heal Wounds.
  8009 | D:10     | 8009 ||| INVOKING Heal Wounds.
  8011 | D:10     | 8011 ||| INVOKING Heal Wounds.
  8012 | D:10     | 8012 ||| INVOKING Heal Wounds.
  8013 | D:10     | 8013 ||| INVOKING Heal Wounds.
  8014 | D:10     | 8014 ||| READING scroll of teleportation.
  8015 | D:10     | 8015 ||| INVOKING Heal Wounds.
  8016 | D:10     | 8016 ||| INVOKING Heal Wounds.
  8020 | D:10     | 8020 ||| INVOKING Heal Wounds.
  8022 | D:10     | 8022 ||| INVOKING Heal Wounds.
  8024 | D:10     | 8024 ||| INVOKING Heal Wounds.
  8027 | D:10     | 8027 ||| INVOKING Heal Wounds.
  8029 | D:10     | 8029 ||| INVOKING Heal Wounds.
  8033 | D:10     | 8033 ||| INVOKING Heal Wounds.
  8034 | D:10     | 8034 ||| INVOKING Heal Wounds.
  8038 | D:10     | 8038 ||| INVOKING Heal Wounds.
  8096 | D:10     | Noticed a two-headed ogre
  8099 | D:10     | 8099 ||| Stepping ~*~*~tactically~*~*~ (stealth).
  8104 | D:10     | 8104 ||| INVOKING Heal Wounds.
  8105 | D:10     | 8105 ||| INVOKING Heal Wounds.
  8107 | D:10     | 8107 ||| INVOKING Heal Wounds.
  8109 | D:10     | 8109 ||| INVOKING Heal Wounds.
  8112 | D:10     | 8112 ||| INVOKING Heal Wounds.
  8114 | D:10     | 8114 ||| INVOKING Heal Wounds.
  8115 | D:10     | 8115 ||| INVOKING Heal Wounds.
  8116 | D:10     | 8116 ||| INVOKING Heal Wounds.
  8117 | D:10     | 8117 ||| INVOKING Heal Wounds.
  8118 | D:10     | 8118 ||| INVOKING Heal Wounds.
  8120 | D:10     | HP: 18/90 [two-headed ogre/+0 dire flail (8)]
  8121 | D:10     | 8121 ||| DRINKING potion of heal wounds.
  8122 | D:10     | 8122 ||| INVOKING Heal Wounds.
  8124 | D:10     | 8124 ||| INVOKING Heal Wounds.
  8125 | D:10     | Killed a two-headed ogre
  8125 | D:10     | Reached XP level 11. HP: 85/97 MP: 2/2
  8131 | D:10     | 8131 ||| INVOKING Heal Wounds.
  8136 | D:10     | 8136 ||| INVOKING Heal Wounds.
  8142 | D:10     | HP: 20/97 [troll (9)]
  8142 | D:10     | HP: 9/97 [troll (2)]
  8143 | D:10     | HP: 1/97 [troll (8)]
  8144 | D:10     | Slain by a troll

Levels and vault maps discovered:
D:1:      noname_arrival_rooms_in_the_neighbourhood, layout_loops_ring,
          palyth_stone_intersect, minivault_11, minmay_pentomino_s2
D:2:      layout_loops_ring, uniq_crazy_yiuf_cottage
D:3:      layout_loops_cross
D:4:      layout_basic, minmay_temple_entry_drinking_statues, first_ration,
          solitary_fountain, minmay_joined_circles
D:5:      layout_layer_cave, gammafunk_ghost_smash, st_stairs_6, uniq_ijyb
D:6:      layout_basic, kennysheep_small_square, uniq_prince_ribbit1,
          uniq_duvessa
D:7:      layout_rooms
D:8:      layout_basic, chequers_temple_overflow_minitemple, minmay_microvault
D:9:      layout_roguey, nicolae_overflow_hidden_temple, serial_shops, shop,
          minmay_lindwurm_lava
D:10:     layout_basic, erik_lair_dragon, grunt_ogre_cave,
          minmay_increasing_density, uniq_erolcha, uniq_harold, uniq_nergalle,
          uniq_josephine
Temple:   eino_temple_scatter_basement

Skill      XL: |  1  2  3  4  5  6  7  8  9 10 |
---------------+-------------------------------+-----
Axes           | 3 4 5 6 8 9 10 11 12 | 12.0
Dodging        | 1 2 3 |  3.3
Shields        | 4 6 7 8 |  8.0
Fighting       | 3 4 5 |  5.9
Invocations    | 4 5 10 | 10.0
Armour         | 4 6 |  6.1

Action                   |  1- 3 |  4- 6 |  7- 9 | 10-12 || total
-------------------------+-------+-------+-------+-------++-------
Melee: War axe           |   113 |   240 |   405 |   285 ||  1043
Throw: Javelin           |     2 |    32 |     5 |       ||    39
 Abil: Heal Wounds       |       |     4 |    10 |    43 ||    57
  Use: Scroll            |     1 |     7 |    11 |     8 ||    27
       Potion            |       |     1 |     2 |     3 ||     6
 Stab: Distracted        |       |       |     1 |       ||     1
  Eat: Chunk             |       |     8 |     9 |     5 ||    22
       Ration            |       |       |     1 |       ||     1
Armor: Scale mail        |    41 |    43 |       |       ||    84
       Chain mail        |       |    66 |       |       ||    66
       Plate armour      |       |    11 |   207 |   219 ||   437
Dodge: Dodged            |    33 |    57 |    83 |    78 ||   251
Block: Shield            |    56 |   126 |   205 |   240 ||   627

Table legend:
 A = Non-vault XP
 B = Vault XP
 C = Vault XP percentage of total XP
 D = Non-vault monster count
 E = Vault monster count
 F = Vault count percentage of total count
                 A         B        C        D         E       F
            +---------+---------+-------+---------+---------+-------
      Total |    9977 |    1344 |  11.9 |     219 |      17 |   7.2
            +---------+---------+-------+---------+---------+-------
        D:1 |      46 |       3 |   6.1 |      20 |       2 |   9.1
        D:2 |      86 |       0 |   0.0 |      34 |       0 |   0.0
        D:3 |     188 |       0 |   0.0 |      39 |       0 |   0.0
        D:4 |     576 |     174 |  23.2 |      22 |       6 |  21.4
        D:5 |     436 |      79 |  15.3 |       9 |       3 |  25.0
        D:6 |     304 |     362 |  54.4 |      12 |       3 |  20.0
        D:7 |     737 |       0 |   0.0 |       8 |       0 |   0.0
        D:8 |    2210 |     510 |  18.8 |      40 |       1 |   2.4
        D:9 |    3996 |       0 |   0.0 |      30 |       0 |   0.0
       D:10 |    1398 |     216 |  13.4 |       5 |       2 |  28.6
            +---------+---------+-------+---------+---------+-------
